 Dungeon Crawl Stone Soup version 0.30.1-11-g7821555f0a (webtiles) character file.

Game seed: 13681658285258501671

104 FakeRyeBread the Ruffian (level 4, 0/45 HPs)
             Began as a Troll Fighter on Nov 16, 2023.
             Slain by an orc
             ... wielding a +0 whip
              (2 damage)
             ... on level 3 of the Dungeon.
             The game lasted 00:02:43 (1366 turns).

FakeRyeBread the Ruffian (Troll Fighter)            Turns: 1366, Time: 00:02:45

Health: 0/45       AC:  4    Str: 24    XL:     4   Next: 52%
Magic:  3/3        EV:  8    Int:  6    God:
Gold:   70         SH:  9    Dex:  9    Spells: 3/3 levels left

rFire   . .          .
                       - Unarmed
rCold   . . .        b - +1 kite shield
rNeg    . . .        a - +0 robe
rPois   .            (helmet restricted)
rElec   .            (no cloak)
rCorr   .            (gloves unavailable)
SInv    .            (boots unavailable)
Will    .....        (no amulet)
Stlth   +            (no ring)
HPRegen 1.07/turn    (no ring)
MPRegen 0.08/turn

%: no passive effects
@: no status effects
A: large, unfitting armour, claws 3, regeneration 1, shaggy fur 1, tough skin 1
a: no special abilities


You were on level 3 of the Dungeon.
You visited 1 branch of the dungeon, and saw 3 of its levels.

You collected 70 gold pieces.

Inventory:

Missiles
 h - 5 datura-tipped darts (quivered)
Armour
 a - a +0 robe (worn)
 b - a +1 kite shield (worn)
Scrolls
 d - a scroll of identify
 i - a scroll of poison {unknown}
Potions
 c - a potion of might
 e - 2 potions of curing
 f - a potion of lignification
 g - a potion of ambrosia


   Skills:
 + Level 3.0 Fighting
 - Level 2.4 Dodging
 + Level 3.3 Shields
 * Level 3.6 Unarmed Combat


You had 3 spell levels left.
You didn't know any spells.
Your spell library contained the following spells:

 Spells                   Type           Power      Damage    Failure   Level
 Apportation              Tloc           0%         N/A       71%         1
 Necrotise                Necr           0%         1d4       71%         1
 Summon Small Mammal      Summ           0%         N/A       71%         1


Dungeon Overview and Level Annotations

Branches:
Dungeon (3/15)

Altars:

Shops:
D:2 (:


Innate Abilities, Weirdness & Mutations

You are too large for most types of armour.
You have claws for hands.
Your natural rate of healing is unusually fast.
You are covered in fur. (AC +1)
You have tough skin. (AC +1)


Message History

You barely resist.
The orc wizard mumbles some strange words.
The orc wizard flickers and vanishes!
Deactivating autopickup; reactivate with Ctrl-A.
You barely miss the orc priest. The orc priest completely misses you.
The rat completely misses you. The orc hits you but does no damage.
The orc priest looks satisfied for a moment.
You scratch the orc priest but do no damage.
The orc priest hits you with a +0 short sword.
The orc hits you with a +0 whip. The rat bites you.
You barely miss the orc. The rat bites you but does no damage.
The orc barely misses you. The orc misses you.
You closely miss the orc.
You feel less confused. The orc hits you with a +0 whip.
The rat barely misses you. The orc hits you with a +0 flail.
You barely miss the orc. You block the orc's attack.
The rat bites you but does no damage. The orc hits you with a +0 hand axe.
You barely miss the orc priest.
The orc priest hits you with a +0 short sword.
The rat bites you but does no damage. The orc hits you with a +0 whip.
You block the orc's attack. Something hits you.
The orc hits you with a +0 hand axe.
The orc priest hits you but does no damage.
You block the orc's attack. The orc barely misses you.
The rat barely misses you.
You hear some strange, mumbled words.
A puff of flame appears from out of thin air!
The puff of flame hits you!
* * * LOW HITPOINT WARNING * * *
The orc hits you with a +0 hand axe.
* * * LOW HITPOINT WARNING * * *
You scratch the orc priest but do no damage.
The orc hits you with a +0 hand axe.
* * * LOW HITPOINT WARNING * * *
The orc priest hits you with a +0 short sword.
* * * LOW HITPOINT WARNING * * *
The orc hits you with a +0 whip.
You die...

..... .... #...#
###...###
###.......#
.........# #
##.oo....# #.
#..@{....#
#.##.oro....#
#...........#
###....#.......
#######.~..###.....#
#......♣~~..# ......
#......~~~#...#.###.
#..###.~P♣##..#..
#<.#....~.....# ##


You could see an orc priest, 3 orcs and a rat.

Vanquished Creatures
  6 adders
  A worm (D:2)
  A dart slug (D:2)
  6 endoplasms
  A giant cockroach (D:2)
  2 goblins (D:1)
  7 hobgoblins
  4 ball pythons
  6 bats
  4 frilled lizards
  5 kobolds
  3 rats (D:1)
46 creatures vanquished.

Notes
Turn   | Place    | Note
-------+----------+-------------------------------------------
     0 | D:1      | FakeRyeBread the Troll Fighter began the quest for the Orb.
     0 | D:1      | Reached XP level 1. HP: 22/22 MP: 0/0
    83 | D:1      | Found a faded altar of an unknown god.
   179 | D:1      | Reached XP level 2. HP: 29/29 MP: 1/1
   513 | D:2      | Reached XP level 3. HP: 35/36 MP: 2/2
   725 | D:2      | Found Neqeo's Weapon Emporium.
   808 | D:2      | Found Ankifyfe's Book Shop.
   950 | D:2      | Reached XP level 4. HP: 44/44 MP: 3/3
  1366 | D:3      | HP: 2/45 [orc priest/+0 short sword (4)]
  1366 | D:3      | Slain by an orc

Illustrated notes

Levels and vault maps discovered:
D:1:      minmay_arrival_checkered_box, layout_basic,
          ebering_ecumenical_altar_webs
D:2:      layout_basic, serial_shops, nicolae_shop_rolling_square,
          nicolae_shop_crystal
D:3:      kennysheep_the_goblin_king, layout_loops_cross,
          mainiacjoe_overflow_small_starburst, serial_bayou_pond_e,
          uniq_sigmund, uniq_ijyb, uniq_jessica

Skill      XL: |  1  2  3  4 |
---------------+-------------+-----
Shields        | 3 |  3.3
Unarmed Combat | 3 |  3.6
Fighting       | 3 |  3.0
Dodging        | |  2.4

Action                     |  1- 3 |  4- 6 || total
---------------------------+-------+-------++-------
  Melee: Unarmed           |    91 |    42 ||   133
    Use: Scroll            |     2 |     4 ||     6
   Stab: Sleeping          |     1 |       ||     1
 Armour: Robe              |    23 |    16 ||    39
  Dodge: Dodged            |    27 |    13 ||    40
  Block: Kite shield       |    34 |    20 ||    54
